 Dungeon Crawl Stone Soup version 0.20.1-4-g4af34eaf8e (webtiles) character file.

555 Alfie the Shooter (level 7, 3/60 HPs)
             Began as a Minotaur Hunter on Mar 5, 2020.
             Starved to death
             ... on level 4 of the Dungeon.
             The game lasted 00:09:04 (2740 turns).

Alfie the Shooter (Minotaur Hunter)                 Turns: 2740, Time: 00:09:04

Health: 3/60       AC:  4    Str: 19    XL:     7   Next: 8%
Magic:  6/6        EV: 12    Int:  8    God:
Gold:   164        SH:  0    Dex: 10    Spells: 6/6 levels left

rFire    . . .     SeeInvis .   b - +0 short sword
rCold    . . .     Gourm    .   (no shield)
rNeg     . . .     Faith    .   c - +1 leather armour
rPois    .         Spirit   .   (helmet restricted)
rElec    .         Reflect  .   (no cloak)
rCorr    .         Harm     .   (no gloves)
MR       .....                  (no boots)
Stlth    +.........             (no amulet)
Regen    0.2/turn               (no ring)
MPRegen  0.1/turn               (no ring)

@: fainting
A: retaliatory headbutt, horns 2
a: no special abilities


You were on level 4 of the Dungeon.
You were fainting.

You visited 1 branch of the dungeon, and saw 4 of its levels.

You collected 164 gold pieces.

Inventory:

Hand Weapons
 a - a +1 shortbow
 b - a +0 short sword (weapon)
Missiles
 d - 12 arrows
Armour
 c - a +1 leather armour (worn)
Wands
 p - a wand of disintegration (15/24)
Scrolls
 i - 2 scrolls of identify
Potions
 h - 2 potions of invisibility
 l - a potion of berserk rage {unknown}
 m - a potion of brilliance {unknown}
 o - a potion of lignification {unknown}


   Skills:
 + Level 4.6 Fighting
 + Level 2.5 Short Blades
 + Level 6.6 Bows
 + Level 3.6 Armour
 + Level 3.0 Dodging
 + Level 1.6 Stealth


You had 6 spell levels left.
You didn't know any spells.

Dungeon Overview and Level Annotations

Branches:
Dungeon (4/15)
 Temple: D:4-7

Altars:
Gozag

Annotations:
D:3 Crazy Yiuf


Innate Abilities, Weirdness & Mutations

You reflexively headbutt those who attack you in melee.
You have a pair of horns on your head.


Message History

The hungry ghost is almost destroyed.
The hungry ghost closely misses you.
You miss the hungry ghost.
The hungry ghost is almost destroyed.
The hungry ghost barely misses you. You furiously retaliate!
You headbutt the hungry ghost. You closely miss the hungry ghost.
Your headbutt misses the hungry ghost.
The hungry ghost is almost destroyed.
The hungry ghost closely misses you.
You hit the hungry ghost but do no damage.
Your headbutt misses the hungry ghost.
The hungry ghost is almost destroyed.
The hungry ghost hits you.
* * * LOW HITPOINT WARNING * * *
You miss the hungry ghost. You headbutt the hungry ghost.
You destroy the hungry ghost!
Your Dodging skill increases to level 3!
You have reached level 7!
You have starved to death.
You die...

.############
..((hh)@....#
.##########.#
####.####.#
#<........#
####..###.#
##.## #..#
##.## #..#


You could see 2 jackals.

Vanquished Creatures
  A hungry ghost (D:4)
  An ogre (D:4)
  The ghost of Alfie the Shooter, an amateur MiHu (D:3)
  A hound (D:4)
  An orc wizard (D:3)
  Terence (D:3)
  3 gnolls (D:4)
  5 adders
  2 worms
  5 leopard geckos (D:2)
  7 orcs
  5 giant cockroaches
  4 goblins
  9 hobgoblins
  7 jackals
  A quokka (D:2)
  2 ball pythons
  9 bats
  2 frilled lizards
  5 kobolds
  3 rats
75 creatures vanquished.

Notes
Turn   | Place    | Note
-------+----------+-------------------------------------------
     0 | D:1      | Alfie the Minotaur Hunter began the quest for the Orb.
     0 | D:1      | Reached XP level 1. HP: 18/18 MP: 0/0
   148 | D:1      | Reached XP level 2. HP: 25/25 MP: 1/1
   478 | D:1      | Reached skill level 5 in Bows
   778 | D:2      | Reached XP level 3. HP: 30/30 MP: 2/2
   957 | D:2      | Reached skill level 1 in Armour
  1061 | D:2      | Reached XP level 4. HP: 29/38 MP: 3/3
  1251 | D:2      | Found an opulent altar of Gozag.
  1391 | D:2      | You fall through a shaft!
  1885 | D:3      | Found a runed door.
  2089 | D:3      | Noticed Alfie's ghost (amateur MiHu)
  2115 | D:3      | Killed Alfie's ghost
  2115 | D:3      | Reached skill level 1 in Short Blades
  2115 | D:3      | Reached skill level 6 in Bows
  2115 | D:3      | Reached skill level 1 in Stealth
  2115 | D:3      | Reached XP level 5. HP: 16/45 MP: 4/4
  2176 | D:3      | Noticed Terence
  2189 | D:3      | HP: 2/45 [Terence/trident (6)]
  2194 | D:3      | Killed Terence
  2258 | D:3      | Reached XP level 6. HP: 5/51 MP: 5/5
  2556 | D:3      | Noticed Crazy Yiuf
  2692 | D:4      | Noticed a hungry ghost
  2739 | D:4      | HP: 2/52 [hungry ghost (5)]
  2740 | D:4      | Killed a hungry ghost
  2740 | D:4      | Reached XP level 7. HP: 3/60 MP: 6/6
  2740 | D:4      | Starved to death

Skill      XL: |  1  2  3  4  5  6 |
---------------+-------------------+-----
Bows           | 5 6 |  6.6
Fighting       | 3 4 |  4.6
Armour         | 1 2 3 |  3.6
Short Blades   | 1 2 |  2.5
Stealth        | 1 |  1.6
Dodging        | 3 |  3.0

Action                   |  1- 3 |  4- 6 |  7- 9 || total
-------------------------+-------+-------+-------++-------
Melee: Short sword       |    12 |   144 |       ||   156
       Headbutt          |     4 |    21 |       ||    25
 Fire: Shortbow          |    75 |    42 |       ||   117
  Use: Scroll            |     1 |     3 |       ||     4
       Potion            |       |     5 |       ||     5
  Eat: Fruit             |       |     2 |       ||     2
       Royal jelly       |       |     2 |       ||     2
       Bread ration      |       |     1 |       ||     1
Armor: Leather armour    |     2 |    30 |       ||    32
Dodge: Dodged            |    15 |    86 |       ||   101
